cohdb
Replays
Latest Replays
All Replays
Popular Replays
Top Player Replays
Match Explorer
How It Works
Community
CoH3 Stats
Reddit
Sign in to upload your games and track your stats! →
Sign in with Steam
Match 44003094
Unlisted
Match 44003094
Overview
Messages
Build Orders
End
Engineer Squad
Construct Barracks
1⁄4-ton 4x4 Truck
Riflemen Squad
Riflemen Squad
Grenade Package
Infantry Support Center
Riflemen Squad
M1918 Browning Automatic Rifles
Construct Medical Station
Construct Weapon Support Center
Construct Motor Pool
Selects Heavy Weapons
M24 Chaffee Light Tank
Engineer Squad
Selects Assault Carriers
Selects Exchangeable Parts
Riflemen Squad
Selects M26 Pershing Heavy Tank
anioki
Woods
Sergeant Джон Раечкин
Private Боб Аугистис
0
0
Comments
sign in to comment!
No comments posted yet!